 Dungeon Crawl Stone Soup version 0.30.0-29-ga12c61a403 (webtiles) character file.

Game seed: 17826360354164397100

176 qw the Chopper (level 5, -4/32 HPs)
             Began as a Gargoyle Fighter on June 3, 2023.
             Killed from afar by Ijyb (5 damage)
             ... with a bolt of dispelling energy
             ... on level 3 of the Dungeon.
             The game lasted 00:01:01 (3001 turns).

qw the Chopper (Gargoyle Fighter)                   Turns: 3001, Time: 00:01:01

Health: -4/32      AC: 14    Str: 21    XL:     5   Next: 56%
Magic:  5/5        EV:  9    Int:  9    God:
Gold:   107        SH:  4    Dex:  9    Spells: 4/4 levels left

rFire   . . .        Y - +1 war axe
rCold   . . .        c - +0 buckler
rNeg    + . .        b - +0 scale mail
rPois   inf          e - +1 helmet
rElec   +            (no cloak)
rCorr   .            (no gloves)
SInv    .            a - +0 pair of boots
Will    .....        (no amulet) Stlth
                     (no ring)
HPRegen 0.25/turn    (no ring)
MPRegen 0.09/turn

%: no passive effects
@: no status effects
A: sickness immunity, AC +4, negative energy resistance 1, electricity
resistance, torment resistance 1, petrification resistance
a: no special abilities


You were on level 3 of the Dungeon.
You visited 1 branch of the dungeon, and saw 3 of its levels.

You collected 107 gold pieces.


Innate Abilities, Weirdness & Mutations

You are immune to sickness and miasma.
Your stone body is resilient. (AC +4)
You are immune to poison.
You resist negative energy. (rN+)
You are resistant to electric shocks. (rElec)
You are resistant to unholy torment.
You are immune to petrification.


   Skills:
 + Level 3.4 Fighting
 - Level 5.0 Axes
 - Level 3.2 Armour
 - Level 3.2 Shields


You had 4 spell levels left.
You didn't know any spells.
Your spell library was empty.

Inventory:

Hand Weapons
 n - a +0 whip
 Y - a +1 war axe (weapon)
Armour
 a - a +0 pair of boots (worn)
 b - a +0 scale mail (worn)
 c - a +0 buckler (worn)
 e - a +1 helmet (worn)
Jewellery
 o - an amulet of the acrobat
Scrolls
 h - a scroll of identify
 l - 2 scrolls of teleportation
Potions
 d - a potion of might
 f - 3 potions of heal wounds
 g - a potion of magic {unknown}
 i - a potion of haste {unknown}
 j - a potion of invisibility {unknown}
 k - a potion of degeneration {unknown}
 m - a potion of curing {unknown}

Dungeon Overview and Level Annotations

Branches:
Dungeon (3/15)

Altars:
Nemelex Xobeh

Annotations:
D:2 1 runed translucent door, Crazy Yiuf
D:3 Ijyb


Message History

Enter note:
Enter note:
Enter note:
Enter note:
Enter note:
Enter note:
Enter note:
Enter note:
Enter note:
Enter note:
Enter note: Ijyb screams, "I dance on your bones!"
Ijyb splashes around in the water.
You closely miss Ijyb.
Ijyb zaps a wand.
The bolt of dispelling energy misses you.
You hit Ijyb.
Ijyb is moderately wounded.
Ijyb hits you but does no damage.
You barely miss Ijyb.
Ijyb is moderately wounded.
Ijyb zaps a wand.
The bolt of dispelling energy misses you.
Ijyb barely misses you.
You closely miss Ijyb.
Ijyb is moderately wounded.
Ijyb zaps a wand.
The bolt of dispelling energy hits you but does no damage.
You closely miss Ijyb.
Ijyb is moderately wounded.
Ijyb hits you but does no damage.
You barely miss Ijyb.
Ijyb is moderately wounded.
Ijyb zaps a wand.
The bolt of dispelling energy hits you!
Ouch! That really hurt!
You barely miss Ijyb.
Ijyb is moderately wounded.
Ijyb zaps a wand.
The bolt of dispelling energy hits you!
Ijyb zaps a wand.
The bolt of dispelling energy hits you.
You die...

....# ....
###################''############
~~~~~~~~~~~~~~~~~~....~~~~~~~~~~~
~~~~~~~~~~~~~~~~~~.....~~~~~~~~~~
~~~~~~~~~~~~~~~~~~....~~~~~~~~~~~
~~~...~~~~.~~~~g~.....~~~~~~~~.~.
................@................
.................................
..#..#.....###########.######.###
#...###..(.......................
..............)..................
###.####....##.........##########
....# ####.#<...##.##.# .<..#
#.)######.##.#
....#######.........##.#


You could see Ijyb.

Vanquished Creatures
  Pargi (D:3)
  An adder (D:2)
  3 gnolls (D:2)
  A worm (D:2)
  A dart slug (D:2)
  3 ball pythons
  5 endoplasms
  2 giant cockroaches (D:2)
  4 goblins
  3 hobgoblins
  6 jackals
  3 quokkas (D:2)
  A bat (D:2)
  3 frilled lizards
  A kobold (D:2)
  4 rats
42 creatures vanquished.

Notes
Turn   | Place    | Note
-------+----------+-------------------------------------------
     0 | D:1      | qw the Gargoyle Fighter began the quest for the Orb.
     0 | D:1      | Reached XP level 1. HP: 14/14 MP: 1/1
     0 | D:1      | 0 ||| qw: Version: 0.2-a-103-g5a998e5
     0 | D:1      | 0 ||| qw: Game counter: 972
     0 | D:1      | 0 ||| qw: Always use a shield: true
     0 | D:1      | 0 ||| qw: God list: Okawaru
     0 | D:1      | 0 ||| qw: Allow faded altars: false
     0 | D:1      | 0 ||| qw: Do Orc after D:15 true
     0 | D:1      | 0 ||| qw: Do second Lair branch before Depths: true
     0 | D:1      | 0 ||| qw: Lair rune preference: random
     0 | D:1      | 0 ||| qw: Plans: Normal, Zot:1-4, Slime:5, God:TSO, Crypt,
                  | Tomb, Pan, Hells, Abyss, Win
     0 | D:1      | 0 ||| PLANNING D:1-11
    36 | D:1      | Reached skill level 2 in Axes
   311 | D:1      | Reached XP level 2. HP: 19/19 MP: 2/2
   443 | D:1      | 443 ||| Stepping ~*~*~tactically~*~*~ (stealth).
   880 | D:1      | 880 ||| READING scroll labelled SIPIOXTEDO.
   881 | D:1      | 881 ||| READING scroll labelled URYOTIU KATO.
   886 | D:1      | 886 ||| READING scroll labelled BIDICWOE MURA.
   887 | D:1      | 887 ||| READING scroll labelled ZIMOCW NERYE.
   888 | D:1      | 888 ||| DRINKING 2 sapphire potions.
  1147 | D:2      | 1147 ||| Stepping ~*~*~tactically~*~*~ (stealth).
  1156 | D:2      | 1156 ||| Stepping ~*~*~tactically~*~*~ (stealth).
  1157 | D:2      | 1157 ||| Stepping ~*~*~tactically~*~*~ (stealth).
  1158 | D:2      | 1158 ||| Stepping ~*~*~tactically~*~*~ (stealth).
  1167 | D:2      | 1167 ||| FLEEEEING.
  1176 | D:2      | Reached skill level 3 in Axes
  1224 | D:2      | Reached XP level 3. HP: 23/23 MP: 3/3
  1516 | D:2      | 1516 ||| Stepping ~*~*~tactically~*~*~ (stealth).
  1546 | D:2      | 1546 ||| Stepping ~*~*~tactically~*~*~ (hiding).
  1548 | D:2      | 1548 ||| Stepping ~*~*~tactically~*~*~ (hiding).
  1549 | D:2      | 1549 ||| Stepping ~*~*~tactically~*~*~ (hiding).
  1550 | D:2      | 1550 ||| Stepping ~*~*~tactically~*~*~ (hiding).
  1562 | D:2      | Reached XP level 4. HP: 19/28 MP: 4/4
  1566 | D:2      | Reached skill level 4 in Axes
  1581 | D:2      | 1581 ||| FLEEEEING.
  1586 | D:2      | 1586 ||| STAIRDANCE
  1619 | D:1      | 1619 ||| UPGRADING to +0 pair of boots.
  1624 | D:1      | 1624 ||| READING scroll labelled HUBU KYPLOTIO.
  1625 | D:1      | 1625 ||| READING 2 scrolls of identify.
  1625 | D:1      | 1625 ||| IDENTIFYING coppery potion
  1626 | D:1      | 1626 ||| DROPPING potion of flight.
  1673 | D:2      | 1673 ||| Stepping ~*~*~tactically~*~*~ (stealth).
  1674 | D:2      | 1674 ||| Stepping ~*~*~tactically~*~*~ (stealth).
  1694 | D:2      | 1694 ||| Stepping ~*~*~tactically~*~*~ (hiding).
  1710 | D:2      | 1710 ||| DROPPING +0 club.
  1771 | D:2      | Found a runed translucent door.
  1772 | D:2      | Noticed Crazy Yiuf
  2077 | D:2      | 2077 ||| UPGRADING to +1 helmet.
  2082 | D:2      | 2082 ||| READING scroll labelled COENWEZOIX.
  2236 | D:3      | Noticed Pargi
  2255 | D:3      | Killed Pargi
  2256 | D:3      | Reached skill level 5 in Axes
  2256 | D:3      | Reached XP level 5. HP: 22/32 MP: 5/5
  2277 | D:3      | 2277 ||| FLEEEEING.
  2278 | D:3      | 2278 ||| FLEEEEING.
  2301 | D:3      | 2301 ||| Stepping ~*~*~tactically~*~*~ (stealth).
  2306 | D:3      | 2306 ||| Stepping ~*~*~tactically~*~*~ (hiding).
  2353 | D:3      | 2353 ||| Stepping ~*~*~tactically~*~*~ (stealth).
  2358 | D:3      | Noticed Ijyb
  2360 | D:3      | 2360 ||| FLEEEEING.
  2361 | D:3      | 2361 ||| STAIRDANCE
  2904 | D:3      | Found a sparkling altar of Nemelex Xobeh.
  3001 | D:3      | HP: 1/32 [Ijyb/bolt of dispelling energy (14)]
  3001 | D:3      | Killed from afar by Ijyb

Levels and vault maps discovered:
D:1:      minmay_arrival_radiant_lines, layout_basic, kennysheep_flooded_box
D:2:      layout_basic, uniq_crazy_yiuf_cottage
D:3:      minmay_goblin_kobold_castle, layout_basic,
          nemelex_xobeh_ov_fountains_minmay,
          chequers_temple_overflow_statue_of_worship, uniq_pargi, uniq_jessica,
          uniq_ijyb

Skill      XL: |  1  2  3  4 |
---------------+-------------+-----
Axes           | 2 3 5 |  5.0
Fighting       | |  3.4
Armour         | |  3.2
Shields        | |  3.2

Action                     |  1- 3 |  4- 6 || total
---------------------------+-------+-------++-------
  Melee: War axe           |    94 |    45 ||   139
    Use: Scroll            |     4 |     3 ||     7
         Potion            |     1 |       ||     1
 Armour: Scale mail        |    53 |    29 ||    82
  Dodge: Dodged            |    42 |    32 ||    74
  Block: Buckler           |    18 |     7 ||    25

Table legend:
 A = Non-vault XP
 B = Vault XP
 C = Vault XP percentage of total XP
 D = Non-vault monster count
 E = Vault monster count
 F = Vault count percentage of total count
                 A         B        C        D         E       F
            +---------+---------+-------+---------+---------+-------
      Total |     118 |     134 |  53.2 |      38 |       4 |   9.5
            +---------+---------+-------+---------+---------+-------
        D:1 |      17 |       0 |   0.0 |       9 |       0 |   0.0
        D:2 |      97 |       0 |   0.0 |      26 |       0 |   0.0
        D:3 |       4 |     134 |  97.1 |       3 |       4 |  57.1
            +---------+---------+-------+---------+---------+-------
